 Dungeon Crawl Stone Soup version 0.27.1-34-g3ba077fa99 (webtiles) character file.

Game seed: 12078680171792281083

68319 simples the Severer (level 14, -5/199 HPs)
             Began as a Minotaur Berserker on Jan 3, 2022.
             Was a High Priest of Trog.
             Slain by an entropy weaver simulacrum (27 damage)
             ... in an ice cave.
             The game lasted 00:36:17 (23387 turns).

simples the Severer (Minotaur Berserker)           Turns: 23387, Time: 00:36:18

Health: -5/199     AC: 18    Str: 29    XL:     14   Next: 86%
Magic:  13/13      EV: 16    Int:  4    God:    Trog [*****.]
Gold:   1282       SH:  0    Dex: 13    Spells: 13/13 levels left

rFire    + + +     SeeInvis .   D - +0 battleaxe (freeze)
rCold    . . .     Faith    .   (shield currently unavailable)
rNeg     . . .     Spirit   .   y - +0 fire dragon scales
rPois    .         Reflect  .   K - +0 hat
rElec    .         Harm     .   d - +2 cloak "Zakhlel" {rF+ Str+5}
rCorr    .         Rampage  .   (no gloves)
Will     +....                  J - +0 pair of boots
Stlth    ..........             m - amulet of regeneration
HPRegen  1.43/turn              q - +4 ring of slaying
MPRegen  0.13/turn              e - ring of protection from cold

@: berserking, very quick
A: horns 2, retaliatory headbutt
a: Renounce Religion, Berserk, Trog's Hand, Brothers in Arms


You were in an ice cave.
You worshipped Trog.
Trog was extremely pleased with you.
You visited 3 branches of the dungeon, and saw 20 of its levels.
You also visited: Sewer, Gauntlet, Ice Cave and Volcano.

You collected 2394 gold pieces.
You spent 1112 gold pieces at shops.

Inventory:

Hand Weapons
 p - a +1 whip of venom
 D - a +0 battleaxe of freezing (weapon)
 H - a +1 whip of electrocution
Missiles
 T - 2 throwing nets (quivered)
Armour
 d - the +2 cloak "Zakhlel" (worn) {rF+ Str+5}
   (You found it on level 1 of the Orcish Mines)

   Str:       It affects your strength (+5).
   rF:        It protects you from fire.
 k - the +3 pair of boots of Fallacy {Will+ Int+4 Dex-4}
   (You found it in an ice cave)

   Int:       It affects your intelligence (+4).
   Dex:       It affects your dexterity (-4).
   Will:      It increases your willpower.
 y - +0 fire dragon scales (worn)
 J - a +0 pair of boots (worn)
 K - a +0 hat (worn)
Jewellery
 e - a ring of protection from cold (right hand)
 m - an amulet of regeneration (around neck)
 q - a +4 ring of slaying (left hand)
 E - a +4 ring of evasion
 P - a ring of poison resistance
 R - the ring "Efisix" {rF+ rN+}
   (You found it in a Gauntlet)

   [ring of positive energy]

   rF:        It protects you from fire.
   rN:        It protects you from negative energy.
 Y - a ring of protection from fire
 Z - an amulet of faith
Wands
 c - a wand of iceblast (9)
 A - a wand of acid (8)
 B - a wand of digging (9)
 W - a wand of paralysis (11)
Scrolls
 b - a scroll of vulnerability
 g - 5 scrolls of enchant armour
 i - 6 scrolls of immolation
 o - a scroll of torment
 z - a scroll of holy word
 C - 4 scrolls of enchant weapon
 F - a scroll of summoning
 G - a scroll of silence
 I - 4 scrolls of fog
 M - 9 scrolls of teleportation
 N - 2 scrolls of brand weapon {unknown}
 U - 3 scrolls of fear {unknown}
Potions
 a - 2 potions of attraction
 f - 8 potions of mutation
 h - 4 potions of flight
 j - 16 potions of curing
 n - a potion of berserk rage
 r - a potion of resistance {unknown}
 s - 7 potions of might {unknown}
 t - 6 potions of haste
 u - 4 potions of cancellation {unknown}
 x - 2 potions of ambrosia {unknown}
 L - 3 potions of lignification {unknown}
 O - a potion of experience {unknown}
 Q - 3 potions of magic {unknown}
 X - a potion of degeneration {unknown}


   Skills:
 + Level 14.3 Fighting
 * Level 18.9 Axes
 + Level 14.0 Armour
 + Level 13.0 Dodging


You had 13 spell levels left.
You didn't know any spells.
Your spell library was empty.

Dungeon Overview and Level Annotations

Branches:
Dungeon (12/15)            Temple (0/1) D:6            Lair (6/6) D:8
  Swamp (0/4) Lair:3       Spider (0/4) Lair:4        Slime (0/5) Lair:5
    Orc (2/2) D:11            Elf (0/3) Orc:2         Sewer (visited)
  IceCv (1/1)             Volcano (visited)         Gauntlet (visited)

Altars:
Makhleb
Nemelex Xobeh
Beogh

Shops:
D:2 =   D:6 !   D:12 ?   Orc:2 *[(?

Annotations:
D:5 3 runed translucent doors, PanSaczeczos's ghost, novice DrAM
Lair:4 exclusion: oklob plant
Lair:5 exclusion: oklob plant


Innate Abilities, Weirdness & Mutations

You have a pair of horns on your head.
You reflexively headbutt those who attack you in melee.


Message History

No target in view!
You start waiting.
Done waiting.
You enter the shallow water.
Moving in this stuff is going to be slow.
An entropy weaver simulacrum comes into view.
Found 62 gold pieces and a crystal plate armour of cold resistance.
An entropy weaver simulacrum is nearby!
An entropy weaver simulacrum comes into view.
The entropy weaver simulacrum closely misses you.
You furiously retaliate!
You headbutt the entropy weaver simulacrum!!
The entropy weaver simulacrum hits you but does no damage. x3
The entropy weaver simulacrum hits you.
The entropy weaver simulacrum freezes you!!
The entropy weaver simulacrum closely misses you. x2
The entropy weaver simulacrum hits you!
The entropy weaver simulacrum freezes you!!
You are too injured to fight recklessly!
You are too injured to fight recklessly!
Unknown command.
Unknown command.
A red film seems to cover your vision as you go berserk!
You feel yourself moving faster!
You feel mighty!
The entropy weaver simulacrum hits you but does no damage.
The entropy weaver simulacrum closely misses you.
The entropy weaver simulacrum hits you but does no damage.
The entropy weaver simulacrum hits you!
The entropy weaver simulacrum freezes you!!!
* * * LOW HITPOINT WARNING * * *
The entropy weaver simulacrum barely misses you.
The entropy weaver simulacrum misses you.
The entropy weaver simulacrum hits you!
* * * LOW HITPOINT WARNING * * *
The entropy weaver simulacrum freezes you!
* * * LOW HITPOINT WARNING * * *
The entropy weaver simulacrum hits you.
* * * LOW HITPOINT WARNING * * *
The entropy weaver simulacrum freezes you!!
You die...

##.####....#≈#
###.#.#.#.##≈#####
###.#...#####≈#≈≈#
.##....## #≈≈###
###..### ##≈≈#####
#...## #≈≈##..$#
#..## #≈≈≈#.⌠[#
..## #≈#≈#Z.$# .##
##≈.@Z# ## #.#..#
#..#.## #.##.. #.
##.# ## ##


You could see 2 entropy weaver simulacra.

Vanquished Creatures
  Gastronok (D:10)
  2 orc warlords (Orc:1)
  A minotaur (Gauntlet)
  A fire dragon (Volcano)
  A great orb of eyes (Gauntlet)
  A boulder beetle (Lair:4)
  A merfolk avatar (Lair:6)
  2 hydras (Lair:5)
  2 ogre magi (Orc:2)
  A catoblepas (Lair:5)
  6 two-headed ogres
  2 orc high priests (Orc:1)
  Urug (Lair:2)
  5 sun demons (Volcano)
  4 skeletal warriors (D:12)
  A harpy (Lair:6)
  2 orc knights (Orc:1)
  2 ugly things (Gauntlet)
  2 orc sorcerers (Orc:1)
  A cyclops (D:11)
  8 elephants
  An ice statue (IceCv)
  2 black mambas
  5 centaur zombies
  7 cane toads
  A smoke demon (Volcano)
  A rime drake (Lair:2)
  6 komodo dragons
  An efreet (D:10)
  4 kobold demonologists (D:9)
  A jumping spider (Lair:4)
  A tyrant leech (Lair:3)
  7 trolls
  2 polar bears
  7 hornets
  13 dream sheep (Lair:6)
  A raiju (Gauntlet)
  A snapping turtle (Lair:6)
  12 blink frogs
  A meliai zombie (D:11)
  3 wyverns
  A redback (Lair:4)
  2 wraiths (D:10)
  A vampire (D:11)
  20 yaks
  Grum (D:9)
  7 basilisks
  8 steam dragons
  A death yak simulacrum (IceCv)
  Menkaure (D:4)
  7 wargs
  3 swamp worms (Lair:3)
  Duvessa (D:5)
  8 water moccasins
  2 black bears
  2 hell hounds (Volcano)
  32 orc warriors
  A sky beast (D:5)
  3 necrophages
  19 ogres
  4 centaurs
  11 wolves
  7 kobold brigands
  7 bullfrogs
  4 gnoll sergeants (D:11)
  3 cane toad simulacra (IceCv)
  5 two-headed ogre simulacra (IceCv)
  2 scorpions
  Dowan (D:5)
  2 elephant simulacra (IceCv)
  11 killer bees
  4 howler monkeys
  2 jellies
  2 hounds (D:7)
  24 orc priests
  Crazy Yiuf (D:7)
  Jessica (D:3)
  Ijyb (D:3)
  An iguana (D:5)
  20 orc wizards
  5 spriggan simulacra (IceCv)
  4 troll simulacra (IceCv)
  A polar bear simulacrum (IceCv)
  2 killer bee zombies
  A hound skeleton (D:5)
  5 gnolls
  A howler monkey zombie (D:7)
  10 adders
  3 naga simulacra (IceCv)
  6 river rats
  A shadow imp (D:6)
  4 white imps (IceCv)
  8 ufetubi
  4 worms
  3 dart slugs
  60 orcs
  8 ball pythons
  9 endoplasms
  A giant cockroach (D:1)
  9 goblins
  3 hobgoblins
  6 jackals
  4 quokkas
  6 bats
  5 frilled lizards
  26 kobolds
  28 rats
580 creatures vanquished.

Vanquished Creatures (collateral kills)
  A boulder beetle (Lair:6)
  2 ogre magi (Orc:2)
  7 two-headed ogres (Orc:2)
  A harpy (Lair:6)
  A minotaur zombie (Gauntlet)
  3 rime drakes (Lair:6)
  A komodo dragon (Lair:1)
  A polar bear (Lair:6)
  A hornet (Lair:6)
  3 dream sheep (Lair:6)
  9 ogres (Orc:2)
  An orc priest (D:9)
  A naga simulacrum (IceCv)
  An orc (D:9)
33 creatures vanquished.

Vanquished Creatures (others)
  30 fungi
  52 plants
82 creatures vanquished.

Grand Total: 695 creatures vanquished

Notes
Turn   | Place    | Note
-------+----------+-------------------------------------------
     0 | D:1      | simples the Minotaur Berserker began the quest for the Orb.
     0 | D:1      | Reached XP level 1. HP: 19/19 MP: 0/0
   525 | D:1      | Reached XP level 2. HP: 27/27 MP: 1/1
   526 | D:1      | Reached skill level 4 in Axes
  1438 | D:2      | Reached XP level 3. HP: 27/33 MP: 0/2
  2049 | D:2      | Reached ** piety under Trog
  2283 | D:2      | Noticed a necrophage
  2332 | D:2      | Reached XP level 4. HP: 40/40 MP: 1/3
  2509 | D:2      | Found Luoffowk's Jewellery Boutique.
  2777 | D:3      | Noticed Jessica
  2786 | D:3      | Killed Jessica
  2887 | D:3      | Reached skill level 5 in Axes
  2896 | D:3      | Found a faded altar of an unknown god.
  3084 | D:3      | Noticed Ijyb
  3093 | D:3      | Killed Ijyb
  3094 | D:3      | Reached XP level 5. HP: 47/47 MP: 1/4
  3412 | D:4      | Noticed a necrophage
  3417 | D:4      | Killed a necrophage
  3630 | D:4      | Reached XP level 6. HP: 52/55 MP: 1/5
  3723 | D:4      | Noticed Menkaure
  3731 | D:4      | Killed Menkaure
  3732 | D:4      | Reached skill level 5 in Fighting
  3732 | D:4      | Reached skill level 6 in Axes
  4220 | D:5      | Entered Level 5 of the Dungeon
  4220 | D:5      | Noticed Duvessa
  4220 | D:5      | Noticed Dowan
  4227 | D:5      | Killed Duvessa
  4228 | D:5      | Reached XP level 7. HP: 61/61 MP: 2/6
  4232 | D:5      | Killed Dowan
  4302 | D:5      | Reached skill level 7 in Axes
  4353 | D:5      | Found a runed translucent gate.
  4354 | D:5      | Found a runed translucent gate.
  4355 | D:5      | Found a runed translucent gate.
  4356 | D:5      | Reached *** piety under Trog
  4359 | D:5      | Noticed PanSaczeczos's ghost (novice DrAM)
  4522 | D:5      | Reached skill level 5 in Armour
  4734 | D:5      | Reached XP level 8. HP: 65/70 MP: 2/7
  4769 | D:5      | Found a glowing drain.
  4784 | Sewer    | Entered a sewer
  4870 | Sewer    | Reached skill level 8 in Axes
  4873 | Sewer    | Reached **** piety under Trog
  4971 | Sewer    | Reached skill level 5 in Dodging
  5630 | D:6      | Found a staircase to the Ecumenical Temple.
  5774 | D:6      | Reached skill level 9 in Axes
  5867 | D:6      | Found a sparkling altar of Nemelex Xobeh.
  5944 | D:6      | Found Ethrit's Distillery.
  6537 | D:7      | Reached ***** piety under Trog
  6689 | D:7      | Reached XP level 9. HP: 65/79 MP: 2/8
  6952 | D:7      | Found a runed translucent door.
  6953 | D:7      | Noticed Crazy Yiuf
  7040 | D:7      | Killed Crazy Yiuf
  7283 | D:8      | Reached skill level 10 in Axes
  7726 | D:8      | Paralysed by a hornet for 3 turns
  8103 | D:8      | Found a staircase to the Lair.
  8492 | D:9      | Reached skill level 11 in Axes
  8509 | D:9      | Noticed Grum
  8593 | D:9      | Reached XP level 10. HP: 90/90 MP: 3/9
  8596 | D:9      | Killed Grum
  9134 | D:9      | Reached skill level 12 in Axes
  9415 | D:9      | Noticed a sun demon
  9899 | D:9      | Noticed a soul eater
 10146 | D:10     | Entered Level 10 of the Dungeon
 10284 | D:10     | Noticed a two-headed ogre
 10294 | D:10     | Killed a two-headed ogre
 10295 | D:10     | Reached skill level 13 in Axes
 10295 | D:10     | Reached XP level 11. HP: 99/99 MP: 3/10
 10351 | D:10     | Noticed Gastronok
 10364 | D:10     | Killed Gastronok
 10365 | D:10     | Reached skill level 10 in Fighting
 11225 | D:11     | Reached skill level 10 in Armour
 11619 | D:11     | Noticed a two-headed ogre
 11626 | D:11     | Killed a two-headed ogre
 11627 | D:11     | Reached skill level 14 in Axes
 11700 | D:11     | Found a staircase to the Orcish Mines.
 12215 | Lair:1   | Entered Level 1 of the Lair of Beasts
 12583 | Lair:1   | Found a gate leading to a gauntlet.
 12594 | Gauntlet | Entered a Gauntlet
 12594 | Gauntlet | Found a transporter.
 12594 | Gauntlet | Found a transporter.
 12594 | Gauntlet | Found a transporter.
 12594 | Gauntlet | Found a runed translucent gate.
 12596 | Gauntlet | Found a runed translucent gate.
 12597 | Gauntlet | Found a runed translucent gate.
 12604 | Gauntlet | Found a transporter.
 12607 | Gauntlet | Found a transporter.
 12615 | Gauntlet | Found a transporter.
 12625 | Gauntlet | Found a transporter.
 12638 | Gauntlet | Noticed a great orb of eyes
 12641 | Gauntlet | Found a transporter.
 12642 | Gauntlet | Noticed a green ugly thing
 12643 | Gauntlet | Noticed a red ugly thing
 12654 | Gauntlet | Found a transporter.
 12654 | Gauntlet | Noticed a wolf spider
 12656 | Gauntlet | Noticed an entropy weaver
 12660 | Gauntlet | Found a transporter.
 12663 | Gauntlet | Found a transporter.
 12704 | Gauntlet | Found a transporter.
 12714 | Gauntlet | Noticed a tengu warrior
 12865 | Gauntlet | Identified the +7 halberd of Osoveelase {flame, rElec rC+
                  | rN+}
 12916 | Gauntlet | Reached XP level 12. HP: 110/110 MP: 2/11
 13123 | Gauntlet | Killed a great orb of eyes
 13128 | Gauntlet | Reached skill level 10 in Dodging
 13136 | Gauntlet | Identified the ring "Efisix" {rF+ rN+}
 13179 | Gauntlet | Noticed a minotaur
 13200 | Gauntlet | Killed a minotaur
 13625 | Lair:1   | Reached skill level 15 in Axes
 14617 | Lair:2   | Noticed Urug
 14625 | Lair:2   | Killed Urug
 15503 | Lair:3   | Reached skill level 16 in Axes
 15827 | Lair:3   | Found a staircase to the Swamp.
 16017 | Lair:3   | Reached XP level 13. HP: 118/118 MP: 4/12
 16188 | Lair:4   | Found a hole to the Spider Nest.
 17440 | Lair:5   | Found a staircase to the Slime Pits.
 18425 | Lair:6   | Entered Level 6 of the Lair of Beasts
 18572 | Lair:6   | Reached skill level 17 in Axes
 18608 | Lair:6   | Found a dark tunnel.
 18616 | Volcano  | Entered a volcano
 18883 | Volcano  | Noticed a fire dragon
 18896 | Volcano  | Killed a fire dragon
 19756 | Lair:6   | Reached XP level 14. HP: 129/129 MP: 4/13
 20069 | D:6      | Bought a potion of haste for 140 gold pieces
 20069 | D:6      | Bought a potion of curing for 42 gold pieces
 20069 | D:6      | Bought a potion of curing for 42 gold pieces
 20069 | D:6      | Bought a potion of heal wounds for 70 gold pieces
 20069 | D:6      | Bought 2 potions of curing for 84 gold pieces
 20069 | D:6      | Bought a potion of haste for 140 gold pieces
 20069 | D:6      | Bought a potion of heal wounds for 70 gold pieces
 20069 | D:6      | Bought a potion of flight for 42 gold pieces
 20069 | D:6      | Bought a potion of berserk rage for 70 gold pieces
 20225 | Orc:1    | Entered Level 1 of the Orcish Mines
 20309 | Orc:1    | Found a burning altar of Makhleb.
 20440 | Orc:1    | Noticed an orc warlord
 20540 | Orc:1    | Killed an orc warlord
 20783 | Orc:1    | Noticed an orc warlord
 20796 | Orc:1    | Reached skill level 18 in Axes
 20807 | Orc:1    | Killed an orc warlord
 21204 | Orc:1    | Identified the +2 cloak "Zakhlel" {rF+ Str+5}
 21494 | Orc:2    | Entered Level 2 of the Orcish Mines
 21631 | Orc:2    | Found a staircase to the Elven Halls.
 21718 | Orc:2    | Found Letuemem's Armour Shop.
 21718 | Orc:2    | Found Tor Mio's Magic Scroll Shoppe.
 21725 | Orc:2    | Found Paobeg's General Store.
 21725 | Orc:2    | Found Tushrerr's Weapon Shop.
 21845 | Orc:2    | Bought a scroll of identify for 30 gold pieces
 21845 | Orc:2    | Bought a scroll of identify for 30 gold pieces
 21845 | Orc:2    | Bought a scroll of identify for 30 gold pieces
 21845 | Orc:2    | Bought a scroll of identify for 30 gold pieces
 22366 | D:12     | Found Gotid's Magic Scroll Shop.
 22374 | D:12     | Bought a scroll of teleportation for 45 gold pieces
 22374 | D:12     | Bought a scroll of teleportation for 45 gold pieces
 22374 | D:12     | Bought 2 scrolls of teleportation for 90 gold pieces
 22374 | D:12     | Bought a scroll of enchant weapon for 112 gold pieces
 22448 | D:12     | Found a frozen archway.
 22460 | IceCv    | Entered an ice cave
 22907 | IceCv    | HP: 5/132 [death yak simulacrum (25)]
 23112 | IceCv    | Received a gift from Trog
 23191 | IceCv    | Identified the +3 pair of boots of Fallacy {Will+ Int+4
                  | Dex-4}
 23387 | IceCv    | Slain by an entropy weaver simulacrum

Illustrated notes

Levels and vault maps discovered:
D:1:      minmay_arrival_four_houses, layout_basic
D:2:      layout_loops_corners, serial_shops, shop_statue,
          lightli_corner_chamber
D:3:      layout_loops_ring, dreamdust_ecumenical_altar_statues,
          lemuel_old_faithful, uniq_jessica, uniq_ijyb
D:4:      layout_cave_pools, uniq_menkaure
D:5:      layout_cave_pools, lightli_sewer_entry_pipes,
          gammafunk_ghost_necromancy, uniq_duvessa
D:6:      layout_rooms, nemelex_spade_bored_becter, minmay_temple_entry_tees,
          serial_shops, nicolae_shop_trees, columned_hall_lemuel
D:7:      layout_loops_ring, uniq_crazy_yiuf_cottage
D:8:      layout_loops_ring, dpeg_oklobed_lair
D:9:      layout_irregular_city, kennysheep_generic_room_11, uniq_grum
D:10:     layout_roguey, uniq_gastronok
D:11:     layout_irregular_city, kennysheep_orc_monster_closet_entryway
D:12:     layout_stronghold, portal_ice_cave_entry_pillars_2, serial_shops, shop
Lair:1:   layout_gridlike, gauntlet_entry_generic, beast_lair_carwin_4
Lair:2:   layout_roguey, uniq_urug
Lair:3:   layout_chaotic_city, minmay_swamp_entry_worms, beast_lair_carwin_3,
          lemuel_fruit_fields
Lair:4:   layout_cave_pods, spider_nest_entry_a, hibernation_bobbens,
          infiniplex_staircase_pool
Lair:5:   layout_roguey, minmay_slime_entry_oklob_enclosed
Lair:6:   gammafunk_lair_ancient_temple, layout_misc_corridors,
          lightli_volcano_entry_magma_tube
Orc:1:    orc_temple, layout_caves, basic_altar, nooodl_orcs_dogs
Orc:2:    st_orc_ogre_mass, layout_caves
IceCv:    ice_cave_caverns_03

Skill      XL: |  1  2  3  4  5  6  7  8  9 10 11 12 13 14 |
---------------+-------------------------------------------+-----
Axes           | 4 5 6 7 9 11 13 14 16 17 18 | 18.9
Fighting       | 4 5 6 7 8 9 11 12 13 14 | 14.3
Armour         | 3 4 5 6 8 9 10 11 13 14 | 14.0
Dodging        | 3 4 6 7 8 9 11 12 13 | 13.0

Action                   |  1- 3 |  4- 6 |  7- 9 | 10-12 | 13-15 || total
-------------------------+-------+-------+-------+-------+-------++-------
Melee: Hand axe          |    69 |    82 |   251 |   490 |   421 ||  1313
       Headbutt          |    14 |    14 |    52 |   132 |   173 ||   385
       Whip              |       |       |       |       |    14 ||    14
       Battleaxe         |       |       |       |       |   210 ||   210
Invok: Berserk           |       |     5 |     8 |    22 |    15 ||    50
       Trog's Hand       |       |       |     3 |     7 |    15 ||    25
       Brothers in Arms  |       |       |     1 |     6 |     7 ||    14
Evoke: Wand              |       |       |       |       |     5 ||     5
  Use: Scroll            |       |       |       |     2 |    15 ||    17
       Potion            |       |       |       |       |    13 ||    13
 Stab: Distracted        |       |       |       |       |     1 ||     1
       Invisible         |       |       |       |       |     1 ||     1
Armor: Animal skin       |     1 |       |       |       |       ||     1
       Ring mail         |    26 |    33 |   100 |    93 |       ||   252
       Chain mail        |       |       |       |    52 |   145 ||   197
       Fire dragon scale |       |       |       |       |    57 ||    57
Dodge: Dodged            |    38 |    49 |   184 |   327 |   404 ||  1002
